 Dungeon Crawl Stone Soup version 0.19.1-1-g22dce08 (webtiles) character file.

28 McKennaii the Magician (level 3, 0/21 HPs)
             Began as a High Elf Wizard on Jan 6, 2017.
             Slain by an adder (4 damage)
             ... on level 2 of the Dungeon.
             The game lasted 00:03:15 (1227 turns).

McKennaii the Magician (High Elf Wizard)            Turns: 1227, Time: 00:03:16

Health: 0/21       AC:  2    Str:  6    XL:     3   Next: 0%
Magic:  1/9        EV: 13    Int: 23    God:
Gold:   29         SH:  0    Dex: 13    Spells: 5 memorised, 1 level left

rFire  . . .     SeeInvis .     (no weapon)
rCold  . . .     Gourm    .     a - +0 robe
rNeg   . . .     Faith    .     (no shield)
rPois  .         Spirit   .     b - +0 hat
rElec  .         Reflect  .     (no cloak)
rCorr  .         Harm     .     (no gloves)
MR     .....                    (no boots)
Stlth  ++........               (no amulet)
                                (no ring)
                                (no ring)

@: no status effects
A: no striking features
a: no special abilities


You were on level 2 of the Dungeon.
You were hungry.

You visited 1 branch of the dungeon, and saw 2 of its levels.

You collected 29 gold pieces.

Inventory:

Armour
 a - a +0 robe (worn)
 b - a +0 hat (worn)
Scrolls
 e - a scroll of remove curse {unknown}
 f - a scroll of blinking {unknown}
 l - a scroll of enchant weapon {unknown}
 m - a scroll of magic mapping {unknown}
 n - a scroll of random uselessness {unknown}
 p - a scroll of identify {unknown}
Potions
 g - a potion of mutation {unknown}
 h - 2 potions of brilliance {unknown}
 i - a potion of magic {unknown}
 j - a potion of curing {unknown}
 k - a potion of resistance {unknown}
 o - a potion of haste {unknown}
Books
 c - a book of Minor Magic

   Spells                             Type                      Level
   a - Magic Dart                     Conjuration                  1
   b - Blink                          Translocation                2
   c - Call Imp                       Summoning                    2
   d - Repel Missiles                 Charms/Air                   2
   e - Slow                           Hexes                        2
   f - Conjure Flame                  Conjuration/Fire             3
   g - Mephitic Cloud                 Conjuration/Poison/Air       3
Comestibles
 d - a bread ration


   Skills:
 + Level 2.5 Dodging
 + Level 2.4 Stealth
 + Level 4.4 Spellcasting
 + Level 1.4 Conjurations
 + Level 0.8 Summonings
 + Level 1.1 Translocations


You had one spell level left.
You knew the following spells:

 Your Spells              Type           Power        Failure   Level  Hunger
a - Magic Dart            Conj           ##..         6%          1    None
b - Call Imp              Summ           #.......     14%         2    None
c - Blink                 Tloc           N/A          12%         2    None
d - Slow                  Hex            #.......     17%         2    None
e - Repel Missiles        Chrm/Air       #.....       17%         2    None


Dungeon Overview and Level Annotations

Branches:
Dungeon (2/15)

Altars:
Okawaru


Message History

Confirm with . or Enter, or press ? or * to list all spells.
A metallic apparition takes form in the air.
The adder bites your iron imp. The adder barely misses your iron imp.
Your iron imp hits the adder.
The ball python bites your iron imp but does no damage.
The ball python grabs your iron imp.
The ball python constricts your iron imp.
Your iron imp hits the ball python!
The ball python dies!
You have reached level 3!
Your experience leads to an increase in your attributes!
Increase (S)trength, (I)ntelligence, or (D)exterity?
You feel clever. x2
The adder bites you.
* * * LOW HITPOINT WARNING * * *
There is a stone staircase leading up here.
You can't go down here!
The adder closely misses you. The adder bites you.
You die...

### #.. ####.#
..#.# ####.#.#
......# ####...#
#@S#...# #...5#.##
######..# #.5#
.###.#..########
........g......###
.###.#.#.#...###_#
#.#.#.#...###.# #
#.#.....#.##.


You could see an adder and a friendly iron imp.

Vanquished Creatures
  A leopard gecko (D:1)
  2 bats (D:1)
  A giant cockroach (D:1)
  8 goblins
  2 hobgoblins (D:1)
  4 jackals (D:1)
  4 kobolds
22 creatures vanquished.

Vanquished Creatures (collateral kills)
  A ball python (D:2)
1 creature vanquished.

Grand Total: 23 creatures vanquished

Notes
Turn   | Place    | Note
-------+----------+-------------------------------------------
     0 | D:1      | McKennaii the High Elf Wizard began the quest for the Orb.
     0 | D:1      | Reached XP level 1. HP: 11/11 MP: 6/6
     3 | D:1      | Noticed an electric eel
     3 | D:1      | Noticed an electric eel
   267 | D:1      | Reached skill level 4 in Spellcasting
   298 | D:1      | Reached XP level 2. HP: 13/17 MP: 0/8
   302 | D:1      | Learned a level 2 spell: Call Imp
   305 | D:1      | Learned a level 2 spell: Blink
   308 | D:1      | Learned a level 2 spell: Slow
   311 | D:1      | Learned a level 2 spell: Repel Missiles
  1032 | D:2      | Found an iron altar of Okawaru.
  1220 | D:2      | Reached XP level 3. HP: 7/21 MP: 0/9
  1227 | D:2      | Slain by an adder

Skill      XL: |  1 |
---------------+----+-----
Spellcasting   | 4 |  4.4
Dodging        | |  2.5
Stealth        | |  2.4
Conjurations   | |  1.4
Summonings     | |  0.8
Translocations | |  1.1

Action                   || total
-------------------------++-------
Melee: Unarmed           ||    25
 Cast: Magic Dart        ||    65
       Call Imp          ||     5
Armor: Robe              ||    13
Dodge: Dodged            ||    49
